 Dungeon Crawl Stone Soup version 0.29.1-13-g9f3cf754e1 (webtiles) character file.

Game seed: 10916584134120616258

2193 croobank the Covert (level 9, -6/93 HPs)
             Began as an Octopode Delver on Feb 7, 2023.
             Shot with a bolt by an orc warrior (17 damage)
             ... on level 7 of the Dungeon.
             The game lasted 00:17:48 (10846 turns).

croobank the Covert (Octopode Delver)              Turns: 10846, Time: 00:17:49

Health: -6/93      AC:  1    Str: 11    XL:     9   Next: 33%
Magic:  16/16      EV: 15    Int: 17    God:
Gold:   350        SH:  0    Dex: 13    Spells: 12/18 levels left

rFire   . . .      SeeInvis .   D - +5 spear
rCold   . . .      Faith    .   (no shield)
rNeg    . . .      Spirit   .   (helmet restricted)
rPois   .          Reflect  .   q - amulet of the acrobat
rElec   .          Harm     .   (no ring)
rCorr   .          Rampage  .   (no ring)
Will    .....                   (no ring)
Stlth   ..........              (no ring)
HPRegen 0.25/turn               (no ring)
MPRegen 0.15/turn               (no ring)
                                (no ring)
                                (no ring)

@: berserking (expiring), very quick
A: almost no armour, amphibious, 8 rings, camouflage 1, gelatinous body 1,
(nimble swimmer 1), tentacles
a: no special abilities


You were on level 7 of the Dungeon.
You visited 2 branches of the dungeon, and saw 8 of its levels.

You collected 363 gold pieces.
You spent 13 gold pieces at shops.

Inventory:

Hand Weapons
 a - a +2 hand axe
 k - a +2 short sword of electrocution
 o - a +0 sling
 t - a +0 war axe
 y - a +0 long sword
 A - a +2 great sword of freezing
 B - a +0 short sword
 D - a +5 spear (weapon)
 G - a +5 dire flail
Missiles
 b - a boomerang
 i - 6 poisoned darts (quivered)
Jewellery
 q - an amulet of the acrobat (around mantle)
 E - an amulet of guardian spirit
Wands
 f - a wand of digging (3)
 j - a wand of light (11)
 C - a wand of mindburst (13)
Scrolls
 c - 4 scrolls of magic mapping
 d - a scroll of fear
 m - 6 scrolls of teleportation
 n - 5 scrolls of identify
 s - a scroll of vulnerability
 u - 2 scrolls of blinking
 v - a scroll of immolation
 F - a scroll of poison {unknown}
Potions
 e - 2 potions of haste
 g - a potion of magic
 l - a potion of attraction
 p - 2 potions of cancellation
 r - a potion of flight
 w - 4 potions of resistance
 x - 2 potions of lignification
 z - 2 potions of berserk rage


   Skills:
 + Level 5.9 Fighting
 + Level 5.4 Axes
 + Level 5.4 Dodging
 + Level 9.8 Stealth
 * Level 5.2 Spellcasting
 * Level 2.4 Poison Magic


You had 12 spell levels left.
You knew the following spells:

 Your Spells              Type           Power      Damage    Failure   Level
a - Mephitic Cloud        Conj/Pois/Air  7%         N/A       30%         3
b - Ignite Poison         Fire/Tmut/Pois 7%         N/A       30%         3

Your spell library contained the following spells:

 Spells                   Type           Power      Damage    Failure   Level
 Magic Dart               Conj           16%        1d3       14%         1
 Call Imp                 Summ           4%         N/A       22%         2
 Static Discharge         Conj/Air       4%         3-4/arc   22%         2
 Dispel Undead            Necr           4%         3d7       80%         4
 Sticky Flame             Conj/Fire      4%         2d3       80%         4
 Freezing Cloud           Conj/Ice/Air   2%         6-21      98%         5


Dungeon Overview and Level Annotations

Branches:
Dungeon (7/15)             Temple (1/1) D:7

Altars:
Ashenzari
Cheibriados
Fedhas
Hepliaklqana
Kikubaaqudgha
Makhleb
Nemelex Xobeh
Okawaru
Sif Muna
Uskayaw
Vehumet
Yredelemnul
Zin
The Shining One

Shops:
D:5 !

Annotations:
D:3 1 runed translucent door, Crazy Yiuf


Innate Abilities, Weirdness & Mutations

You cannot wear most types of armour.
You are amphibious.
You can wear up to eight rings at the same time.
Your skin changes colour to match your surroundings (Stealth+).
Your rubbery body absorbs attacks. (AC +1, EV +1)
((You are camouflaged when in or above water. (Stealth+)))
You have tentacles for arms and can constrict up to eight enemies at once.


Message History

* * * LOW HITPOINT WARNING * * *
You feel much better.
You constrict the orc priest.
The orc warrior hits you from afar with a +0 trident!!
* * * LOW HITPOINT WARNING * * *
The orc priest barely misses you.
A red film seems to cover your vision as you go berserk!
You feel yourself moving faster!
You feel mighty!
You constrict the orc priest.
The orc warrior hits you from afar with a +0 trident!
* * * LOW HITPOINT WARNING * * *
The orc priest misses you.
You hit the orc priest. You squeeze the orc priest.
You kill the orc priest!
Your life force feels restored.
The orc warrior shoots a bolt.
The bolt completely misses you.
Things that are here:
a +0 club; a +0 leather armour; an orc corpse You feel a strong urge to attack something.
Things that are here:
a +0 dagger; an orc corpse The orc priest looks encouraged for a moment.
The orc warrior completely misses you.
The orc warrior shoots a bolt.
The bolt completely misses you.
Things that are here:
a +0 club; a +0 leather armour; an orc corpse You are too berserk!
Reach: D) +5 spear
Press: ? - help, Dir - move target, f - orc warrior, p - orc warrior
Aim: an orc warrior, wielding a +0 arbalest and wearing a +0 chain mail (about 35% to evade your +5 spear)
You reach to attack!
You hit the orc warrior.
The orc warrior is lightly wounded.
The orc priest calls upon Beogh to heal the orc warrior.
The orc warrior's wounds heal themselves!
The orc warrior closely misses you.
Reach: D) +5 spear
Press: ? - help, Dir - move target, f/p - orc warrior
Aim: an orc warrior, wielding a +0 arbalest and wearing a +0 chain mail (about 35% to evade your +5 spear)
You reach to attack!
You puncture the orc warrior!
The orc warrior is heavily wounded.
The orc warrior shoots a bolt.
The bolt hits you!
You die...

###### #.... #....#
#.... #....# #....
#....# #....
####....# #....
.....Y. #.^.. #.oo#
#.... #)###### #....
#o@.[..# #....
#######.############
....................
########...####....#
###.........#
#####...... ##.....
#....# ...... #....#


You could see 2 orc warriors, an ice beast and an orc priest.

Vanquished Creatures
  An orc warrior (D:6)
  2 black bears (D:5)
  An ogre (D:6)
  A phantom (D:6)
  A kobold brigand (D:6)
  3 necrophages
  2 scorpions
  3 bullfrogs (D:6)
  A water moccasin zombie (D:4)
  3 wights
  A howler monkey (D:5)
  A human zombie (D:4)
  3 jellies (D:5)
  6 hounds
  2 orc priests
  2 iguanas (D:6)
  9 orc wizards
  A scorpion zombie (D:4)
  4 mummies (D:4)
  4 gnolls (D:5)
  9 adders
  A shadow imp (D:6)
  3 white imps
  An ufetubus (D:6)
  4 adder zombies (D:4)
  2 worms
  A dart slug (D:2)
  15 orcs
  4 bats
  A bat zombie (D:6)
  12 endoplasms
  5 goblins
  5 hobgoblins (D:1)
  5 jackals
  7 kobolds
  5 quokkas
  7 ball pythons
  2 frilled lizards
  5 rats
  3 rat zombies (D:6)
148 creatures vanquished.

Vanquished Creatures (others)
  An orc (D:6)
1 creature vanquished.

Grand Total: 149 creatures vanquished

Notes
Turn   | Place    | Note
-------+----------+-------------------------------------------
     0 | D:5      | croobank the Octopode Delver began the quest for the Orb.
     0 | D:5      | Reached XP level 1. HP: 16/16 MP: 1/1
    23 | D:5      | Noticed an orc wizard
    47 | D:6      | Noticed a bullfrog
    47 | D:6      | Noticed an orc wizard
    48 | D:6      | Noticed an orc wizard
    48 | D:6      | Noticed a bullfrog
    63 | D:5      | Noticed a jelly
    74 | D:5      | Found Avured's Distillery.
    84 | D:5      | Bought a potion of degeneration for 13 gold pieces
   155 | D:6      | Reached XP level 2. HP: 11/21 MP: 2/2
   294 | D:6      | Noticed an orc warrior
   297 | D:7      | Noticed a wight
   297 | D:7      | Noticed a wight
   297 | D:7      | Noticed a wight
   297 | D:7      | Noticed a scorpion
   316 | D:6      | Noticed a phantom
   376 | D:5      | Noticed a black bear
   433 | D:4      | Reached skill level 7 in Stealth
   433 | D:4      | Reached XP level 3. HP: 26/26 MP: 3/3
  1244 | D:3      | Reached XP level 4. HP: 19/31 MP: 4/4
  1433 | D:3      | Found a runed translucent door.
  1434 | D:3      | Noticed Crazy Yiuf
  2843 | D:2      | Reached XP level 5. HP: 36/37 MP: 5/5
  2968 | D:2      | You fall into a shaft and drop 2 floors!
  3915 | D:3      | Found a faded altar of an unknown god.
  5199 | D:4      | Reached XP level 6. HP: 23/43 MP: 6/6
  5461 | D:4      | Found a basalt altar of Yredelemnul.
  5471 | D:4      | Reached skill level 8 in Stealth
  5488 | D:4      | Reached skill level 1 in Spellcasting
  5627 | D:4      | Reached XP level 7. HP: 40/49 MP: 9/9
  6955 | D:5      | Reached XP level 8. HP: 28/54 MP: 12/12
  6961 | D:5      | Reached skill level 5 in Fighting
  7415 | D:5      | Reached skill level 9 in Stealth
  8251 | D:6      | Found a blossoming altar of Fedhas.
  8522 | D:6      | Reached skill level 5 in Axes
  8522 | D:6      | Reached skill level 5 in Dodging
  9101 | D:6      | Reached XP level 9. HP: 59/62 MP: 16/16
  9119 | D:6      | Learned a level 3 spell: Mephitic Cloud
  9123 | D:6      | Learned a level 3 spell: Ignite Poison
  9170 | D:6      | Found an ancient bone altar of Kikubaaqudgha.
  9290 | D:6      | Reached skill level 1 in Poison Magic
  9429 | D:6      | Found a shimmering blue altar of Sif Muna.
  9438 | D:6      | Reached skill level 5 in Spellcasting
  9958 | D:7      | Found a staircase to the Ecumenical Temple.
 10014 | Temple   | Entered the Ecumenical Temple
 10846 | D:7      | Shot with a bolt by an orc warrior

Illustrated notes

Levels and vault maps discovered:
D:1:      dpeg_arrival_rhombi, layout_basic, minmay_cupped
D:2:      layout_loops_ring
D:3:      layout_loops_ring, hellmonk_ecumenical_altar_lost_god,
          uniq_crazy_yiuf_cottage
D:4:      layout_basic, lemuel_mausoleum_altar_yredelemnul
D:5:      layout_basic, serial_shops, nicolae_shop_waterfront,
          minmay_fractal_squares_5
D:6:      layout_loops_ring, kennysheep_orc_sif_temple,
          mainiacjoe_overflow_six_doors_small,
          lemuel_zombie_altar_kikubaaqudgha, minmay_misc_feat_ornament
D:7:      layout_basic, minmay_temple_entry_tees
Temple:   jpeg_temple_alley_garden

Skill      XL: |  1  2  3  4  5  6  7  8  9 |
---------------+----------------------------+-----
Stealth        | 7 8 9 |  9.8
Dodging        | 3 4 5 |  5.4
Axes           | 3 4 5 |  5.4
Fighting       | 4 5 |  5.9
Spellcasting   | 1 3 4 5 |  5.2
Poison Magic   | 2 |  2.4

Action                   |  1- 3 |  4- 6 |  7- 9 || total
-------------------------+-------+-------+-------++-------
Melee: Hand axe          |    32 |   145 |   165 ||   342
       Constrict         |     9 |    32 |    45 ||    86
       Tentacles         |     3 |    28 |    68 ||    99
       Punch             |       |     7 |     7 ||    14
       War axe           |       |       |    37 ||    37
       Spear             |       |       |    23 ||    23
Throw: Boomerang         |       |       |    12 ||    12
       Dart              |       |       |     7 ||     7
Evoke: Wand              |       |       |     1 ||     1
  Use: Scroll            |       |    18 |     2 ||    20
       Potion            |       |       |     5 ||     5
 Stab: Sleeping          |     2 |    32 |    11 ||    45
       Distracted        |       |       |     1 ||     1
Armor: Skin              |     3 |    11 |     7 ||    21
Dodge: Dodged            |    25 |    74 |   162 ||   261
